 Dungeon Crawl Stone Soup version 0.31-a0-175-g9f7f995f2b (webtiles) character file.

Game seed: 14810331662953104539

26 qw the Shooter (level 3, 0/21 HPs)
             Began as a Gargoyle Hunter on June 16, 2023.
             Slain by Sigmund
             ... wielding a +0 scythe
              (3 damage)
             ... on level 2 of the Dungeon.
             The game lasted 00:00:23 (929 turns).

qw the Shooter (Gargoyle Hunter)                     Turns: 929, Time: 00:00:24

Health: 0/21       AC:  6    Str: 12 (14) XL:     3   Next: 8%
Magic:  3/3        EV: 11    Int:  8 (9)  God:
Gold:   46         SH:  0    Dex: 14 (15) Spells: 2/2 levels left

rFire   . . .        Y - +1 shortbow
rCold   . . .        (shield currently unavailable)
rNeg    + . .        c - +0 leather armour
rPois   inf          (no helmet)
rElec   +            (no cloak)
rCorr   .            (no gloves)
SInv    .            (no boots)
Will    .....        (no amulet)
Stlth   +            (no ring)
HPRegen 0.23/turn    (no ring)
MPRegen 0.08/turn

%: no passive effects
@: no status effects
A: sickness immunity, AC +3, negative energy resistance 1, electricity
resistance, torment resistance 1, petrification resistance
a: no special abilities


You were on level 2 of the Dungeon.
You visited 1 branch of the dungeon, and saw 2 of its levels.

You collected 46 gold pieces.


Innate Abilities, Weirdness & Mutations

You are immune to sickness and miasma.
Your stone body is resilient. (AC +3)
You are immune to poison.
You resist negative energy. (rN+)
You are resistant to electric shocks. (rElec)
You are resistant to unholy torment.
You are immune to petrification.


   Skills:
 - Level 2.1 Fighting
 + Level 4.9 Ranged Weapons
 - Level 1.5 Dodging
 - Level 1.1 Stealth


You had 2 spell levels left.
You didn't know any spells.
Your spell library was empty.

Inventory:

Hand Weapons
 Y - a +1 shortbow (weapon)
Armour
 c - a +0 leather armour (worn)
Scrolls
 d - a scroll of identify
Potions
 b - a potion of attraction {unknown}
 f - a potion of degeneration
 g - a potion of enlightenment {unknown}

Dungeon Overview and Level Annotations

Branches:
Dungeon (2/15)

Altars:

Annotations:
D:2 Sigmund


Message History

Sigmund casts a spell at you. The magic dart hits you.
Enter note:
Enter note:
912 ||| FLEEEEING.
913 ||| FLEEEEING.
914 ||| FLEEEEING.
You shoot an arrow.
The arrow hits Sigmund but does no damage.
Sigmund is severely wounded.
Sigmund hits you but does no damage.
You shoot an arrow. The arrow hits Sigmund.
Sigmund is severely wounded.
You shoot an arrow. The arrow closely misses Sigmund.
The arrow hits the ball python but does no damage.
Sigmund gestures wildly while chanting.
Sigmund flickers and vanishes!
Deactivating autopickup; reactivate with Ctrl-A.
Something hits you but does no damage.
You shoot an arrow. The arrow hits the ball python.
The ball python is severely wounded.
You shoot an arrow. Something hits you but does no damage.
You shoot an arrow. The arrow hits the ball python!
You kill the ball python!
Something hits you.
You hear some strange, mumbled words.
You are confused.
You shoot an arrow. You shoot an arrow. Something hits you but does no damage.
You shoot an arrow. Something barely misses you.
You shoot an arrow. Something hits you.
You shoot an arrow. You shoot an arrow.
You feel less confused. Something hits you.
You die...

.........##.# #.# .........##.#
#.# .........##.###%#
........###...#.# . .......##
###.#.# ####..### ###.##..##
#.#.###.......#.# #.###..#
#.#.#.........#.# #.#
##.####%..#.#>......#.# #.#
#...####.@.#.......#.# #.#
###....#....(......#.# #.#
####....#........#.# #.#
#..............#.##### #.#
######.##.#...........##... #.#
#......##.#...........#..##
#.###.....##.....#...........##
#.##...............###.##.##...
#.#................# #.##.####.


There were no monsters in sight!

Vanquished Creatures
  4 bats
  3 endoplasms (D:1)
  A giant cockroach (D:1)
  2 jackals (D:1)
  A kobold (D:2)
  A quokka (D:2)
  3 ball pythons
  2 frilled lizards (D:2)
  3 goblins
  5 rats
25 creatures vanquished.

Notes
Turn   | Place    | Note
-------+----------+-------------------------------------------
     0 | D:1      | qw the Gargoyle Hunter began the quest for the Orb.
     0 | D:1      | Reached XP level 1. HP: 12/12 MP: 1/1
     0 | D:1      | 0 ||| qw: Version: 0.2-a-29-g511e9b1
     0 | D:1      | 0 ||| qw: Game counter: 5751
     0 | D:1      | 0 ||| qw: Always use a shield: true
     0 | D:1      | 0 ||| qw: God list: Okawaru
     0 | D:1      | 0 ||| qw: Allow faded altars: false
     0 | D:1      | 0 ||| qw: Do Orc after D:15 true
     0 | D:1      | 0 ||| qw: Do second Lair branch before Depths: true
     0 | D:1      | 0 ||| qw: Lair rune preference: random
     0 | D:1      | 0 ||| qw: Plans: Normal, Zot:1-4, Slime:5, God:TSO, Crypt,
                  | Tomb, Abyss, Pan, Hells, Win
     0 | D:1      | 0 ||| PLANNING D:1-11
   118 | D:1      | Reached XP level 2. HP: 17/17 MP: 2/2
   636 | D:1      | 636 ||| READING scroll labelled DOUKKO ETIRCH.
   637 | D:1      | 637 ||| READING scroll labelled DULADDA YTSI.
   638 | D:1      | 638 ||| DROPPING scroll of butterflies.
   756 | D:2      | Reached XP level 3. HP: 21/21 MP: 3/3
   868 | D:2      | Noticed Sigmund
   881 | D:2      | 881 ||| READING scroll labelled ITIYRI BERCHYA.
   885 | D:2      | 885 ||| DRINKING 2 metallic amethyst potions.
   910 | D:2      | HP: 5/21 [Sigmund/magic dart (3)]
   912 | D:2      | 912 ||| FLEEEEING.
   913 | D:2      | 913 ||| FLEEEEING.
   914 | D:2      | 914 ||| FLEEEEING.
   927 | D:2      | HP: 2/21 [something (6)]
   929 | D:2      | Slain by Sigmund

Levels and vault maps discovered:
D:1:      dpeg_arrival_simpleton_a, layout_loops_cross, corexii_corridor_pit,
          minmay_misc_feat_columns, minmay_misc_feat_rows
D:2:      layout_rooms, uniq_sigmund

Action                     || total
---------------------------++-------
   Fire: Shortbow          ||    75
    Use: Scroll            ||     3
         Potion            ||     1
 Armour: Leather armour    ||    10
  Dodge: Dodged            ||    21

Table legend:
 A = Non-vault XP
 B = Vault XP
 C = Vault XP percentage of total XP
 D = Non-vault monster count
 E = Vault monster count
 F = Vault count percentage of total count
                 A         B        C        D         E       F
            +---------+---------+-------+---------+---------+-------
      Total |      38 |       0 |   0.0 |      25 |       0 |   0.0
            +---------+---------+-------+---------+---------+-------
        D:1 |      26 |       0 |   0.0 |      16 |       0 |   0.0
        D:2 |      12 |       0 |   0.0 |       9 |       0 |   0.0
            +---------+---------+-------+---------+---------+-------
